 Dungeon Crawl Stone Soup version 0.31-a0-986-g5e6e4ef867 (webtiles) character file.

Game seed: 12922251308364713353

256 javelincjr the Changeling (level 5, -10/40 HPs)
             Began as a Draconian Shapeshifter on Nov 8, 2023.
             Mangled by a worm (14 damage)
             ... on level 3 of the Dungeon.
             The game lasted 00:07:07 (1876 turns).

javelincjr the Changeling (Draconian Shapeshifter)  Turns: 1876, Time: 00:07:08

Health: -10/40     AC:  5    Str: 19    XL:     5   Next: 92%
Magic:  5/5        EV: 12    Int: 10    God:
Gold:   103        SH:  0    Dex: 10    Spells: 2/4 levels left

rFire   + . .        i - +0 spear
rCold   . . .        e - orb {mayhem}
rNeg    . . .        (body armour unavailable)
rPois   .            (helmet currently unavailable)
rElec   .            (cloak currently unavailable)
rCorr   .            (gloves currently unavailable)
SInv    .            (boots currently unavailable)
Will    .....        (no amulet)
Stlth   +            q - ring of protection from fire
HPRegen 0.26/turn    (no ring)
MPRegen 0.09/turn

%: mayhem
@: beast-form
A: beast (slay +3), AC +5, unfitting armour, cold-blooded
a: Begin Untransformation


You were on level 3 of the Dungeon.
You were a hulking beast.
You visited 1 branch of the dungeon, and saw 3 of its levels.

You collected 103 gold pieces.

Inventory:

Hand Weapons
 i - a +0 spear (weapon)
Missiles
 j - 16 stones
Armour
 e - an orb of mayhem (worn)
 m - a +0 pair of boots
 n - a +1 cloak
Jewellery
 q - a ring of protection from fire (left hand)
Talismans
 b - a beast talisman
 c - a flux talisman
Scrolls
 f - 2 scrolls of vulnerability {unknown}
 g - a scroll of teleportation {unknown}
 l - a scroll of poison {unknown}
 o - a scroll of silence {unknown}
 r - 3 scrolls of identify {unknown}
 s - a scroll of enchant armour {unknown}
Potions
 a - a potion of lignification
 d - 2 potions of curing
 h - a potion of degeneration {unknown}
 k - a potion of mutation {unknown}
 p - a potion of haste {unknown}


   Skills:
 - Level 1.1 Fighting
 + Level 3.5 Dodging
 - Level 3.0 Unarmed Combat
 * Level 5.3 Shapeshifting


You had 2 spell levels left.
You knew the following spells:

 Your Spells              Type           Power      Damage    Failure   Level
a - Blink                 Tloc           0%         N/A       50%         2

Your spell library contained the following spells:

 Spells                   Type           Power      Damage    Failure   Level
 Lesser Beckoning         Tloc           0%         N/A       50%         2
 Momentum Strike          Conj/Tloc      0%         3d8       50%         2


Dungeon Overview and Level Annotations

Branches:
Dungeon (3/15)

Altars:
Vehumet

Shops:
D:2 (

Portals:
Sewer: D:3


Innate Abilities, Weirdness & Mutations

You are a hulking beast.
Your limbs bulge with bestial killing power. (Slay +3)
Your plain brown scales are hard. (AC +5)
You cannot fit into any form of body armour.
You are cold-blooded and may be slowed by cold attacks.


Message History

You hit the worm.
The worm is almost dead.
You hear the slow rusting of a drain.
The worm bites you!
You hit the worm.
The worm is almost dead.
The worm bites you.
You hit the worm.
The worm is almost dead.
You puncture the worm!
You kill the worm!
The worm flies into a frenzy!
The worm splashes around in the water.
You hit the worm. You tail-slap the worm.
The worm is heavily wounded.
The worm closely misses you.
You hit the worm.
The worm is severely wounded.
The worm bites you. x2
You hit the worm. You tail-slap the worm.
You kill the worm!
The worm bites you.
You hit the worm.
The worm is lightly wounded.
The worm bites you!
You are too injured to fight recklessly!
You are too injured to fight recklessly!
You hit the worm.
The worm is moderately wounded.
The worm closely misses you.
You hit the worm. You tail-slap the worm!
The worm is almost dead.
The worm bites you!
* * * LOW HITPOINT WARNING * * *
You barely miss the worm.
The worm is severely wounded.
The worm splashes around in the water.
You hit the worm.
The worm is almost dead.
The worm bites you!
You die...

#.# #.##.##.#.##.# #
#.#####.##.##.#.##>#
#..###.##....##†##.#.##.#
#.........#####.........##
#.####.##..........#......
#.##.###########.####
#.##.### ##.#...
###......#### #......
#.$...h†....# #.....#
#.##~~†w~##~# #...#.. #.
#~~~~~# #...... #
~~.....~~. #..#.#.
.~~.....≈~~# #......
.......∩..~~.# #..#.#.
##.~~.....~~.# #......
#.~≈~....~~.# #...#..
.#####.....#


You could see a neutral worm (fast, strong, frenzied).

Vanquished Creatures
  Sigmund (D:2)
  2 adders (D:2)
  5 worms
  3 dart slugs
  3 ball pythons
  2 bats
  3 endoplasms
  4 giant cockroaches
  10 goblins
  4 hobgoblins
  6 jackals (D:1)
  2 kobolds
  4 quokkas
  4 rats
53 creatures vanquished.

Notes
Turn   | Place    | Note
-------+----------+-------------------------------------------
     0 | D:1      | javelincjr the Draconian Shapeshifter began the quest for
                  | the Orb.
     0 | D:1      | Reached XP level 1. HP: 16/16 MP: 1/1
   112 | D:1      | Reached XP level 2. HP: 23/23 MP: 2/2
   743 | D:2      | Reached XP level 3. HP: 28/28 MP: 3/3
   753 | D:2      | Noticed Sigmund
   795 | D:2      | Killed Sigmund
   796 | D:2      | Reached skill level 5 in Shapeshifting
   796 | D:2      | Reached XP level 4. HP: 21/35 MP: 4/4
   796 | D:2      | Reached XP level 5. HP: 24/40 MP: 5/5
  1122 | D:2      | Learned a level 2 spell: Blink
  1310 | D:2      | Found Raziab's Antique Weapon Emporium.
  1769 | D:3      | Found a radiant altar of Vehumet.
  1856 | D:3      | Found a glowing drain.
  1876 | D:3      | Mangled by a worm

Illustrated notes

Levels and vault maps discovered:
D:1:      orjb1_clovarrival, layout_basic, minmay_unequal
D:2:      kennysheep_the_goblin_king, layout_basic, serial_shops,
          nicolae_shop_hallway_plus, uniq_sigmund
D:3:      layout_loops_ring, nicolae_vehumet_radiance,
          cheibrodos_sewer_entry_sluice

Skill      XL: |  1  2  3 |
---------------+----------+-----
Dodging        | 2 3 |  3.5
Shapeshifting  | 5 |  5.3
Fighting       | |  1.1
Unarmed Combat | |  3.0

Action                     |  1- 3 |  4- 6 || total
---------------------------+-------+-------++-------
  Melee: Unarmed           |    42 |       ||    42
         Tailslap          |     8 |     9 ||    17
         Punch             |     3 |       ||     3
         Spear             |    38 |    87 ||   125
    Use: Potion            |     3 |       ||     3
 Armour: Skin              |    34 |    33 ||    67
  Dodge: Dodged            |    48 |    28 ||    76

Table legend: (Time is in decaauts)
 A = Elapsed time spent in this place.
 B = Non-inter-level travel time spent in this place.
 C = Inter-level travel time spent in this place.
 D = Time resting spent in this place.
 E = Time spent auto-exploring this place.
 F = Levels seen in this place.
 G = Mean time per level.
                   A        B        C        D        E       F      G
               +--------+--------+--------+--------+--------+-----+--------+
         Total |   1895 |   1813 |     82 |      0 |   1378 |   3 |  631.7 |
       Dungeon |   1895 |   1813 |     82 |      0 |   1378 |   3 |  631.7 |
               +--------+--------+--------+--------+--------+-----+--------+

Top non-repeatable levels by time:
     D:2: 1083 daAuts
     D:1: 650 daAuts
     D:3: 162 daAuts
